 Dungeon Crawl Stone Soup version 0.26.1-11-gd32895ea62 (webtiles) character file.

Game seed: 781068708332364658

56 Hugehornet the Insei (level 3, -1/23 HPs)
             Began as an Octopode Transmuter on July 18, 2021.
             Slain by an adder (2 damage)
             ... on level 2 of the Dungeon.
             The game lasted 00:02:01 (1207 turns).

Hugehornet the Insei (Octopode Transmuter)          Turns: 1207, Time: 00:02:02

Health: -1/23      AC:  1    Str:  9    XL:     3   Next: 97%
Magic:  6/6        EV: 13    Int: 16    God:
Gold:   95         SH:  0    Dex: 12    Spells: 0/6 levels left

rFire    + . .     SeeInvis .     - Unarmed
rCold    . . .     Faith    .   (no shield)
rNeg     . . .     Spirit   .   (helmet restricted)
rPois    .         Reflect  .   (no amulet)
rElec    .         Harm     .   b - ring of protection from fire
rCorr    .         Rampage  .   (no ring)
Will     .....                  (no ring)
Stlth    +++.......             (no ring)
HPRegen  0.07/turn              (no ring)
MPRegen  0.10/turn              (no ring)
                                (no ring)
                                (no ring)

@: mighty
A: almost no armour, stealthy swim, amphibious, 8 rings, constrict 8, camouflage
1, gelatinous body 1
a: no special abilities


You were on level 2 of the Dungeon.
You visited 1 branch of the dungeon, and saw 2 of its levels.

You collected 95 gold pieces.

Inventory:

Jewellery
 b - a ring of protection from fire (left tentacle)
Scrolls
 a - 2 scrolls of teleportation {unknown}
 c - a scroll of random uselessness {unknown}
 f - a scroll of identify {unknown}
 g - a scroll of remove curse {unknown}


   Skills:
 + Level 1.4 Fighting
 + Level 2.3 Dodging
 + Level 1.2 Stealth
 * Level 3.5 Unarmed Combat
 + Level 2.2 Spellcasting
 * Level 2.6 Transmutations
 + Level 0.5 Poison Magic


You couldn't memorise any spells.
You knew the following spells:

 Your Spells              Type           Power        Failure   Level
a - Beastly Appendage     Tmut           20%          7%          1
b - Wereblood             Tmut           10%          11%         2
c - Spider Form           Tmut/Pois      3%           32%         3

Your spell library contained the following spells:

 Spells                   Type           Power        Failure   Level
 Ice Form                 Ice/Tmut       6%           75%         4
 Blade Hands              Tmut           5%           88%         5


Dungeon Overview and Level Annotations

Branches:
Dungeon (2/15)

Altars:


Innate Abilities, Weirdness & Mutations

You cannot wear most types of armour.
You are very stealthy in the water. (Stealth+)
You are amphibious.
You can wear up to eight rings at the same time.
You can use your tentacles to constrict eight enemies at once.
Your skin changes colour to match your surroundings (Stealth+).
Your rubbery body absorbs attacks. (AC +1, EV +1)


Message History

Your transformation is almost over.
The goblin shoots a stone.
The stone hits you.
* * * LOW HITPOINT WARNING * * *
Found a faded altar of an unknown god.
You see here a stone.
It was a potion of might.
You feel very mighty all of a sudden.
An adder comes into view.
The goblin unwields a +0 hunting sling.
The goblin misses you.
You bludgeon the goblin!
You kill the goblin!
A goblin comes into view. It is wielding a +0 club.
The kobold shouts!
You see here 2 stones.
It was a potion of magic.
Magic courses through your body.
You closely miss the adder. Your grab misses the adder.
Your tentacle-slap misses the adder.
Your squeeze misses the adder.
Your tentacle spike disappears.
The adder bites you.
You die...

##..#.# # .# #####.....#
.##.# #..)..#..# #.##.#
#.####...##..##.# ###.#
#..#....###.##### ###...#
#.###..##.(...... .
###...#####.#.(.(..(#.# .g.
....######......#.(.(.##...#
....>...........@S..Kg)...#
###....####..####....##..#._.
#...#####...## #....# ..#
#.#######...# #[...# ..# ..#
#..).### #....# ... ###
#....# #....# #. #....#
#....# #....# #....# ######
######


You could see an adder, a goblin and a kobold.

Vanquished Creatures
  A worker ant (D:2)
  An adder (D:2)
  4 bats
  5 goblins
  6 kobolds
  3 frilled lizards (D:1)
  4 rats
24 creatures vanquished.

Notes
Turn   | Place    | Note
-------+----------+-------------------------------------------
     0 | D:1      | Hugehornet the Octopode Transmuter began the quest for the
                  | Orb.
     0 | D:1      | Reached XP level 1. HP: 13/13 MP: 3/3
   448 | D:1      | Reached XP level 2. HP: 15/18 MP: 3/5
   647 | D:1      | Learned a level 2 spell: Wereblood
   873 | D:2      | Reached skill level 1 in Stealth
   873 | D:2      | Reached XP level 3. HP: 23/23 MP: 4/6
   880 | D:2      | Learned a level 3 spell: Spider Form
  1197 | D:2      | Found a faded altar of an unknown god.
  1197 | D:2      | HP: 1/23 [goblin/stone (3)]
  1207 | D:2      | Slain by an adder

Illustrated notes

Levels and vault maps discovered:
D:1:      lemuel_arrival_muddy, layout_rooms
D:2:      layout_rooms, chequers_ecumenical_altar_simple_redux

Skill      XL: |  1  2 |
---------------+-------+-----
Stealth        | 1 |  1.2
Fighting       | |  1.4
Dodging        | |  2.3
Unarmed Combat | |  3.5
Spellcasting   | |  2.2
Transmutations | |  2.6
Poison Magic   | |  0.5

Action                   || total
-------------------------++-------
Melee: Unarmed           ||    49
       Constrict         ||    14
       Kick              ||    10
       Tentacles         ||     6
 Cast: Beastly Appendage ||    16
  Use: Potion            ||     2
 Stab: Sleeping          ||     5
Armor: Skin              ||     2
Dodge: Dodged            ||    21
